TOP OF THE 1ST |
Put-In-Bay BC batting - Pitching for Louisiana Dragoons : RHP Benjamin Weightman
|
Pitching: RHP Benjamin Weightman
|
|
Batting: RHB Mario Chávez
|
0-0: Ball 1-0: Ball 2-0: Ball 3-0: Called Strike 3-1: Foul Ball, location: 2F 3-2: Strikes out swinging
|
Batting: RHB Wally Briggs
|
0-0: SINGLE (Groundball, 4MD)
|
Batting: LHB Adrian McCoy
|
0-0: Ball 1-0: Foul Ball, location: 2F 1-1: Foul Ball, location: 2F 1-2: Ball 2-2: Foul Ball, location: 2F 2-2: Grounds into double play, 4-6-3 (Groundball, 4)
|
Top of the 1st over - 0 runs, 1 hit, 0 errors, 0 left on base; Put-In-Bay 0 - Louisiana 0 |
BOTTOM OF THE 1ST |
Louisiana Dragoons batting - Pitching for Put-In-Bay BC : RHP Yeong-sin Ch'oe
|
Pitching: RHP Yeong-sin Ch'oe
|
|
Batting: RHB Reynaldo Padilla
|
0-0: Ball 1-0: Ground out 4-3 (Groundball, 4)
|
Batting: LHB Walt Trombly
|
0-0: Called Strike 0-1: Hit by Pitch
|
Batting: LHB Ken Gill
|
0-0: Called Strike 0-1: Ball 1-1: Foul Ball, location: 2F 1-2: Ball 2-2: Ball 3-2: Fly out, F6 (Line Drive, 6M) Lined into DP, 6-3 (Line Drive, 6M)
|
Bottom of the 1st over - 0 runs, 0 hits, 0 errors, 0 left on base; Put-In-Bay 0 - Louisiana 0 |
TOP OF THE 2ND |
Put-In-Bay BC batting - Pitching for Louisiana Dragoons : RHP Joong Ban
|
Pitching: RHP Joong Ban
|
|
Batting: RHB Jorge Alvarado
|
0-0: Ball 1-0: Fly out, F8 (Flyball, 8LM)
|
Batting: RHB Steve Albright
|
0-0: Swinging Strike 0-1: Foul Ball, location: 2F 0-2: Strikes out swinging
|
Batting: RHB Adam Khan
|
0-0: Called Strike 0-1: Swinging Strike 0-2: Ball 1-2: Ball 2-2: Strikes out swinging
|
Top of the 2nd over - 0 runs, 0 hits, 0 errors, 0 left on base; Put-In-Bay 0 - Louisiana 0 |
BOTTOM OF THE 2ND |
Louisiana Dragoons batting - Pitching for Put-In-Bay BC : RHP Yeong-sin Ch'oe
|
Batting: RHB Domingo Trujillo
|
0-0: Ground out 1-3 (Groundball, P)
|
Batting: LHB Mike Houston
|
0-0: Called Strike 0-1: Ball 1-1: Ball 2-1: Fly out, F8 (Flyball, 89XD)
|
Batting: RHB Stephen Webb
|
0-0: Ball 1-0: Ball 2-0: Swinging Strike 2-1: Ball 3-1: DOUBLE (Line Drive, 9LS)
|
Batting: RHB George Rardin
|
0-0: Called Strike 0-1: Fly out, F6 (Popup, 6M)
|
Bottom of the 2nd over - 0 runs, 1 hit, 0 errors, 1 left on base; Put-In-Bay 0 - Louisiana 0 |
TOP OF THE 3RD |
Put-In-Bay BC batting - Pitching for Louisiana Dragoons : RHP Joong Ban
|
Batting: RHB Al Grant
|
0-0: Ball 1-0: Ball 2-0: Fly out, F9 (Flyball, 9LM)
|
Batting: RHB Oscar McMillan
|
0-0: Called Strike 0-1: Ground out 1-3 (Groundball, P)
|
Batting: RHB Álex Maroto
|
0-0: Ground out 6-3 (Groundball, 6)
|
Top of the 3rd over - 0 runs, 0 hits, 0 errors, 0 left on base; Put-In-Bay 0 - Louisiana 0 |
BOTTOM OF THE 3RD |
Louisiana Dragoons batting - Pitching for Put-In-Bay BC : RHP Yeong-sin Ch'oe
|
Batting: RHB George Albaugh
|
0-0: Called Strike 0-1: Ball 1-1: Ball 2-1: Foul Ball, location: 2F 2-2: Fly out, F7 (Flyball, 7LM)
|
Batting: RHB Mike Printup
|
0-0: Ball 1-0: Foul Ball, location: 2F 1-1: Fly out, F2 (Popup, 23F)
|
Batting: RHB Reynaldo Padilla
|
0-0: Ball 1-0: Foul Ball, location: 2F 1-1: Ball 2-1: Ball 3-1: Base on Balls
|
Batting: LHB Walt Trombly
|
0-0: Ball Reynaldo Padilla is caught stealing 2nd base
|
Bottom of the 3rd over - 0 runs, 0 hits, 0 errors, 0 left on base; Put-In-Bay 0 - Louisiana 0 |
TOP OF THE 4TH |
Put-In-Bay BC batting - Pitching for Louisiana Dragoons : RHP Joong Ban
|
Batting: RHB Mario Chávez
|
0-0: Foul Ball, location: 2F 0-1: Ball 1-1: Swinging Strike 1-2: Ball 2-2: Ball 3-2: Foul Ball, location: 2F 3-2: Foul Ball, location: 2F 3-2: Strikes out swinging
|
Batting: RHB Wally Briggs
|
0-0: Ball 1-0: SINGLE (Groundball, 34D)
|
Batting: LHB Adrian McCoy
|
0-0: Ball 1-0: Swinging Strike 1-1: Ball 2-1: Foul Ball, location: 2F 2-2: Strikes out swinging
|
Batting: RHB Jorge Alvarado
|
0-0: Ball 1-0: Ball Wally Briggs steals 2nd base 2-0: Called Strike 2-1: Ball 3-1: Ground out 6-3 (Groundball, 6)
|
Top of the 4th over - 0 runs, 1 hit, 0 errors, 1 left on base; Put-In-Bay 0 - Louisiana 0 |
BOTTOM OF THE 4TH |
Louisiana Dragoons batting - Pitching for Put-In-Bay BC : RHP Yeong-sin Ch'oe
|
Batting: LHB Walt Trombly
|
0-0: Ball 1-0: Foul Ball, location: 2F 1-1: Foul Ball, location: 2F 1-2: Ball 2-2: Fly out, F7 (Flyball, 7)
|
Batting: LHB Ken Gill
|
0-0: Ball 1-0: Ball 2-0: Foul Ball, location: 2F 2-1: SINGLE (Line Drive, 89S)
|
Batting: RHB Domingo Trujillo
|
0-0: Fly out, F7 (Flyball, 7D)
|
Batting: LHB Mike Houston
|
0-0: Called Strike 0-1: SINGLE (Flyball, 89M) Ken Gill to second Runner from 2nd tries for 3rd, SAFE, throw made to third
|
Batting: RHB Stephen Webb
|
0-0: Called Strike 0-1: Called Strike 0-2: Ball 1-2: Ball 2-2: Ball 3-2: Fly out, F5 (Line Drive, 56)
|
Bottom of the 4th over - 0 runs, 2 hits, 0 errors, 2 left on base; Put-In-Bay 0 - Louisiana 0 |
TOP OF THE 5TH |
Put-In-Bay BC batting - Pitching for Louisiana Dragoons : RHP Joong Ban
|
Batting: RHB Steve Albright
|
0-0: Ball 1-0: Foul Ball, location: 2F 1-1: Called Strike 1-2: Foul Ball, location: 2F 1-2: Foul Ball, location: 2F 1-2: Ball 2-2: Ball 3-2: Base on Balls
|
Batting: RHB Adam Khan
|
0-0: Sac Bunt - play at first, batter safe! Steve Albright to second
|
Batting: RHB Al Grant
|
0-0: Called Strike Steve Albright steals 3rd base 0-1: Ball 1-1: Ball 2-1: Foul Ball, location: 2F 2-2: Ball Adam Khan steals 2nd base 3-2: Ground out 4-3 (Groundball, 4)
|
Batting: RHB Oscar McMillan
|
0-0: Intentional Walk
|
Batting: RHB Álex Maroto
|
0-0: Swinging Strike 0-1: Swinging Strike 0-2: Ball 1-2: Strikes out swinging
|
Batting: RHB Mario Chávez
|
0-0: Foul Ball, location: 2F 0-1: Called Strike 0-2: Fielders Choice at 2nd, 6-4 (Groundball, 6)
|
Top of the 5th over - 0 runs, 1 hit, 0 errors, 3 left on base; Put-In-Bay 0 - Louisiana 0 |
BOTTOM OF THE 5TH |
Louisiana Dragoons batting - Pitching for Put-In-Bay BC : RHP Yeong-sin Ch'oe
|
Batting: RHB George Rardin
|
0-0: Hit by Pitch
|
Batting: RHB George Albaugh
|
0-0: Bunted foul 0-1: Sac Bunt - play at first, batter OUT! 1-4 George Rardin to second
|
Batting: RHB Mike Printup
|
0-0: Fly out, F5 (Popup, 5SF)
|
Batting: RHB Reynaldo Padilla
|
0-0: Ball 1-0: SINGLE (Flyball, 9LM) George Rardin to third Runner from 3rd tries for Home, SAFE, no throw
|
Batting: LHB Walt Trombly
|
0-0: Called Strike Reynaldo Padilla steals 2nd base 0-1: Swinging Strike 0-2: Ball 1-2: Foul Ball, location: 2F 1-2: Ball 2-2: Ball 3-2: SINGLE (Groundball, 34S) (infield hit) Reynaldo Padilla to third
|
Batting: LHB Ken Gill
|
0-0: Ball 1-0: Ball 2-0: Ball 3-0: Base on Balls Walt Trombly to second
|
Batting: RHB Domingo Trujillo
|
0-0: Called Strike 0-1: Ball 1-1: Fielders Choice at 2nd, 6-4 (Groundball, 6)
|
Bottom of the 5th over - 1 run, 2 hits, 0 errors, 3 left on base; Put-In-Bay 0 - Louisiana 1 |
TOP OF THE 6TH |
Put-In-Bay BC batting - Pitching for Louisiana Dragoons : RHP Joong Ban
|
Batting: RHB Wally Briggs
|
0-0: SINGLE (Flyball, 9LS)
|
Batting: LHB Adrian McCoy
|
0-0: Called Strike 0-1: Called Strike 0-2: Ball 1-2: Fly out, F9 (Flyball, 9)
|
Pitching: RHP Christiaan Volkers
|
|
Batting: RHB Jorge Alvarado
|
0-0: Called Strike 0-1: Swinging Strike 0-2: Ball 1-2: Ball 2-2: Foul Ball, location: 2F 2-2: Ball 3-2: Foul Ball, location: 2F 3-2: Foul Ball, location: 2F 3-2: Foul Ball, location: 2F 3-2: Base on Balls Wally Briggs to second
|
Batting: RHB Steve Albright
|
0-0: Called Strike 0-1: Called Strike Wally Briggs steals 3rd base Jorge Alvarado to second 0-2: Fly out, F7 (Flyball, 7S) Runner from 3rd tags up, SCORES, throw made
|
Batting: RHB Adam Khan
|
0-0: Hit by Pitch
|
Batting: RHB Al Grant
|
0-0: Ground out 4-3 (Groundball, 4)
|
Top of the 6th over - 1 run, 1 hit, 0 errors, 2 left on base; Put-In-Bay 1 - Louisiana 1 |
BOTTOM OF THE 6TH |
Louisiana Dragoons batting - Pitching for Put-In-Bay BC : RHP Yeong-sin Ch'oe
|
Batting: LHB Mike Houston
|
0-0: Swinging Strike 0-1: Ball 1-1: SINGLE (Line Drive, 56D)
|
Batting: RHB Stephen Webb
|
0-0: Ball 1-0: Ball 2-0: Called Strike 2-1: Fly out, F3 (Popup, 23)
|
Batting: RHB George Rardin
|
0-0: Ball 1-0: Called Strike 1-1: Ball 2-1: Grounds into double play, 1-4-3 (Groundball, 15)
|
Bottom of the 6th over - 0 runs, 1 hit, 0 errors, 0 left on base; Put-In-Bay 1 - Louisiana 1 |
TOP OF THE 7TH |
Put-In-Bay BC batting - Pitching for Louisiana Dragoons : RHP Christiaan Volkers
|
Batting: RHB Oscar McMillan
|
0-0: Called Strike 0-1: Swinging Strike 0-2: Ball 1-2: Strikes out looking
|
Pinch Hitting: SHB Ángel Venegas
|
0-0: SINGLE (Flyball, 7LS)
|
Pinch Runner at 1st Alfie Hollington:
|
|
Batting: RHB Mario Chávez
|
0-0: Ball 1-0: Called Strike Alfie Hollington steals 2nd base 1-1: Called Strike 1-2: Strikes out swinging
|
Batting: RHB Wally Briggs
|
0-0: Foul Ball, location: 2F 0-1: Foul Ball, location: 2F 0-2: Foul Ball, location: 2F 0-2: Ball 1-2: Ball 2-2: Ball 3-2: Strikes out looking
|
Top of the 7th over - 0 runs, 1 hit, 0 errors, 1 left on base; Put-In-Bay 1 - Louisiana 1 |
BOTTOM OF THE 7TH |
Louisiana Dragoons batting - Pitching for Put-In-Bay BC : RHP Yeong-sin Ch'oe
|
Now at SS: Sang-hyuk Han
|
|
Batting: RHB George Albaugh
|
0-0: Swinging Strike 0-1: Swinging Strike 0-2: Strikes out swinging
|
Pinch Hitting: LHB Randy Sallah
|
0-0: Ball 1-0: Fly out, F9 (Flyball, 9D)
|
Batting: RHB Reynaldo Padilla
|
0-0: Ball 1-0: Ball 2-0: Called Strike 2-1: Fly out, F4 (Line Drive, 4M)
|
Bottom of the 7th over - 0 runs, 0 hits, 0 errors, 0 left on base; Put-In-Bay 1 - Louisiana 1 |
TOP OF THE 8TH |
Put-In-Bay BC batting - Pitching for Louisiana Dragoons : RHP Christiaan Volkers
|
Now at 3B: Randy Sallah
|
|
Batting: LHB Adrian McCoy
|
0-0: Ball 1-0: Ball 2-0: Foul Ball, location: 2F 2-1: Swinging Strike 2-2: Ball 3-2: SOLO HOME RUN (Flyball, 9LD), Distance : 351 ft
|
Batting: RHB Jorge Alvarado
|
0-0: Ball 1-0: SINGLE (Line Drive, 8LS)
|
Batting: RHB Steve Albright
|
0-0: Called Strike 0-1: Swinging Strike 0-2: Ball 1-2: Ball 2-2: Strikes out swinging
|
Pinch Hitting: SHB Yushua Harith
|
0-0: Ball 1-0: Swinging Strike 1-1: Foul Ball, location: 2F 1-2: Ball 2-2: Strikes out swinging
|
Batting: RHB Al Grant
|
0-0: Ball 1-0: Ground out 4-3 (Groundball, 4)
|
Top of the 8th over - 1 run, 2 hits, 0 errors, 1 left on base; Put-In-Bay 2 - Louisiana 1 |
BOTTOM OF THE 8TH |
Louisiana Dragoons batting - Pitching for Put-In-Bay BC : RHP Yeong-sin Ch'oe
|
Now in CF: Yushua Harith
|
|
Batting: LHB Walt Trombly
|
0-0: Foul Ball, location: 2F 0-1: Ball 1-1: Ball 2-1: Foul Ball, location: 2F 2-2: Ball 3-2: Foul Ball, location: 2F 3-2: Base on Balls
|
Batting: LHB Ken Gill
|
0-0: Ball 1-0: Ball 2-0: Foul Ball, location: 2F 2-1: SINGLE (Groundball, 4MD) Walt Trombly to second
|
Batting: RHB Domingo Trujillo
|
0-0: Foul Ball, location: 2F 0-1: Ball 1-1: Called Strike 1-2: Foul Ball, location: 2F 1-2: Grounds into double play, 6-4-3 (Groundball, 6M) Walt Trombly to third
|
Batting: LHB Mike Houston
|
0-0: Foul Ball, location: 2F 0-1: Swinging Strike 0-2: Ball 1-2: Ball 2-2: Fly out, F7 (Flyball, 78S)
|
Bottom of the 8th over - 0 runs, 1 hit, 0 errors, 1 left on base; Put-In-Bay 2 - Louisiana 1 |
TOP OF THE 9TH |
Put-In-Bay BC batting - Pitching for Louisiana Dragoons : RHP Christiaan Volkers
|
Batting: RHB Oscar McMillan
|
0-0: Fly out, F7 (Flyball, 7S)
|
Batting: RHB Sang-hyuk Han
|
0-0: Ball 1-0: Called Strike 1-1: Ball 2-1: Ball 3-1: Base on Balls
|
Batting: RHB Mario Chávez
|
0-0: Called Strike 0-1: Called Strike 0-2: Ball 1-2: Ball 2-2: Ball 3-2: Strikes out looking
|
Batting: RHB Wally Briggs
|
0-0: Ball 1-0: Foul Ball, location: 2F 1-1: Swinging Strike 1-2: Strikes out swinging
|
Top of the 9th over - 0 runs, 0 hits, 0 errors, 1 left on base; Put-In-Bay 2 - Louisiana 1 |
BOTTOM OF THE 9TH |
Louisiana Dragoons batting - Pitching for Put-In-Bay BC : RHP Yeong-sin Ch'oe
|
Now in RF: Jesús Gil
|
|
Pinch Hitting: LHB Connor Petty
|
0-0: Foul Ball, location: 2F 0-1: Ball 1-1: Ground out 6-3 (Groundball, 6)
|
Pitching: RHP Gustavo Díaz
|
|
Batting: RHB George Rardin
|
0-0: Called Strike 0-1: Foul Ball, location: 2F 0-2: Foul Ball, location: 2F 0-2: Ball 1-2: SINGLE (Line Drive, 8LS)
|
Pinch Runner at 1st Katsunan Taketo:
|
|
Batting: RHB George Albaugh
|
0-0: Ball 1-0: Swinging Strike 1-1: Ball 2-1: Foul Ball, location: 2F 2-2: Strikes out swinging Katsunan Taketo steals 2nd base Batter strikes out.
|
Batting: LHB Randy Sallah
|
0-0: Called Strike 0-1: Ball 1-1: SINGLE (Line Drive, 6D) Katsunan Taketo to third Runner from 3rd tries for Home, SAFE, throw made home
|
Batting: RHB Reynaldo Padilla
|
0-0: Ball 1-0: Called Strike Randy Sallah steals 2nd base 1-1: Ball 2-1: Ball 3-1: Base on Balls
|
Batting: LHB Walt Trombly
|
0-0: Ground out U3 (Groundball, 34)
|
Bottom of the 9th over - 1 run, 2 hits, 0 errors, 2 left on base; Put-In-Bay 2 - Louisiana 2 |
TOP OF THE 10TH |
Put-In-Bay BC batting - Pitching for Louisiana Dragoons : RHP Christiaan Volkers
|
Now at C: Min-gook Ch'oe
|
|
Now in RF: Connor Petty
|
|
Batting: SHB Jesús Gil
|
0-0: Ball 1-0: Swinging Strike 1-1: Called Strike 1-2: Ground out 4-3 (Groundball, 4S)
|
Batting: RHB Jorge Alvarado
|
0-0: Ground out 5-3 (Groundball, 5L)
|
Batting: RHB Steve Albright
|
0-0: Ball 1-0: Called Strike 1-1: Called Strike 1-2: Ball 2-2: Ball 3-2: Ground out 6-3 (Groundball, 6)
|
Top of the 10th over - 0 runs, 0 hits, 0 errors, 0 left on base; Put-In-Bay 2 - Louisiana 2 |
BOTTOM OF THE 10TH |
Louisiana Dragoons batting - Pitching for Put-In-Bay BC : RHP Gustavo Díaz
|
Pitching: RHP Jason Huggins
|
|
Batting: LHB Ken Gill
|
0-0: Ball 1-0: Ball 2-0: Ball 3-0: Base on Balls
|
Batting: RHB Domingo Trujillo
|
0-0: Called Strike 0-1: Called Strike 0-2: Grounds into double play, 1-4-3 (Groundball, 15S)
|
Batting: LHB Mike Houston
|
0-0: Ball 1-0: Swinging Strike 1-1: Called Strike 1-2: Ball 2-2: Foul Ball, location: 2F 2-2: Strikes out swinging
|
Bottom of the 10th over - 0 runs, 0 hits, 0 errors, 0 left on base; Put-In-Bay 2 - Louisiana 2 |
TOP OF THE 11TH |
Put-In-Bay BC batting - Pitching for Louisiana Dragoons : RHP Christiaan Volkers
|
Batting: SHB Yushua Harith
|
0-0: SINGLE (Groundball, 4D)
|
Batting: RHB Al Grant
|
0-0: Ball 1-0: Called Strike 1-1: Swinging Strike 1-2: Ball 2-2: Strikes out swinging
|
Batting: RHB Oscar McMillan
|
0-0: Foul Ball, location: 2F 0-1: Ball 1-1: Called Strike 1-2: Ball 2-2: Ball 3-2: Fly out, F1 (Line Drive, 15)
|
Pitching: RHP Ron Pomar
|
|
Batting: RHB Sang-hyuk Han
|
0-0: Called Strike 0-1: Ball 1-1: Foul Ball, location: 2F 1-2: Ball 2-2: Fly out, F7 (Flyball, 7S)
|
Top of the 11th over - 0 runs, 1 hit, 0 errors, 1 left on base; Put-In-Bay 2 - Louisiana 2 |
BOTTOM OF THE 11TH |
Louisiana Dragoons batting - Pitching for Put-In-Bay BC : RHP Jason Huggins
|
Batting: LHB Connor Petty
|
0-0: SINGLE (Line Drive, 8LS)
|
Batting: RHB Min-gook Ch'oe
|
0-0: Ground out 5-3 (Groundball, 5S) Connor Petty to second
|
Batting: RHB George Albaugh
|
0-0: Fly out, F8 (Line Drive, 8LD)
|
Batting: LHB Randy Sallah
|
0-0: Fly out, F8 (Flyball, 8LM)
|
Bottom of the 11th over - 0 runs, 1 hit, 0 errors, 1 left on base; Put-In-Bay 2 - Louisiana 2 |
TOP OF THE 12TH |
Put-In-Bay BC batting - Pitching for Louisiana Dragoons : RHP Ron Pomar
|
Batting: RHB Mario Chávez
|
0-0: Ball 1-0: Called Strike 1-1: Called Strike 1-2: Foul Ball, location: 2F 1-2: Foul Ball, location: 2F 1-2: Ball 2-2: Ball 3-2: Ground out 5-3 (Groundball, 56)
|
Batting: RHB Wally Briggs
|
0-0: Ground out 4-3 (Groundball, 4)
|
Batting: SHB Jesús Gil
|
0-0: Ball 1-0: Ball 2-0: Called Strike 2-1: Foul Ball, location: 2F 2-2: Foul Ball, location: 2F 2-2: Foul Ball, location: 2F 2-2: Ball 3-2: Foul Ball, location: 2F 3-2: Base on Balls
|
Batting: RHB Jorge Alvarado
|
0-0: Foul Ball, location: 2F 0-1: Ball 1-1: Fly out, F4 (Popup, 34)
|
Top of the 12th over - 0 runs, 0 hits, 0 errors, 1 left on base; Put-In-Bay 2 - Louisiana 2 |
BOTTOM OF THE 12TH |
Louisiana Dragoons batting - Pitching for Put-In-Bay BC : RHP Jason Huggins
|
Batting: RHB Reynaldo Padilla
|
0-0: Foul Ball, location: 2F 0-1: Ball 1-1: Foul Ball, location: 2F 1-2: Ball 2-2: Ground out 5-3 (Groundball, 5)
|
Batting: LHB Walt Trombly
|
0-0: Swinging Strike 0-1: Foul Ball, location: 2F 0-2: Fly out, F4 (Popup, 4M)
|
Batting: LHB Ken Gill
|
0-0: Called Strike 0-1: Ball 1-1: Ball 2-1: Foul Ball, location: 2F 2-2: Ball 3-2: Foul Ball, location: 2F 3-2: Ground out 4-3 (Groundball, 4D)
|
Bottom of the 12th over - 0 runs, 0 hits, 0 errors, 0 left on base; Put-In-Bay 2 - Louisiana 2 |
TOP OF THE 13TH |
Put-In-Bay BC batting - Pitching for Louisiana Dragoons : RHP Ron Pomar
|
Batting: RHB Steve Albright
|
0-0: Ball 1-0: Ball 2-0: Ball 3-0: Called Strike 3-1: Called Strike 3-2: Foul Ball, location: 2F 3-2: Strikes out looking
|
Batting: SHB Yushua Harith
|
0-0: Swinging Strike 0-1: Called Strike 0-2: SINGLE (Line Drive, 89S)
|
Batting: RHB Al Grant
|
0-0: Ball 1-0: Foul Ball, location: 2F 1-1: Swinging Strike 1-2: Foul Ball, location: 2F 1-2: Strikes out looking
|
Batting: RHB Oscar McMillan
|
0-0: Ball 1-0: Called Strike Yushua Harith is caught stealing 2nd base
|
Top of the 13th over - 0 runs, 1 hit, 0 errors, 0 left on base; Put-In-Bay 2 - Louisiana 2 |
BOTTOM OF THE 13TH |
Louisiana Dragoons batting - Pitching for Put-In-Bay BC : RHP Jason Huggins
|
Batting: RHB Domingo Trujillo
|
0-0: Called Strike 0-1: Ground out 6-3 (Groundball, 6)
|
Batting: LHB Mike Houston
|
0-0: Ball 1-0: Ground out 5-3 (Groundball, 56S)
|
Batting: LHB Connor Petty
|
0-0: Ball 1-0: Called Strike 1-1: Foul Ball, location: 2F 1-2: Ground out 6-3 (Groundball, 6M)
|
Bottom of the 13th over - 0 runs, 0 hits, 0 errors, 0 left on base; Put-In-Bay 2 - Louisiana 2 |
TOP OF THE 14TH |
Put-In-Bay BC batting - Pitching for Louisiana Dragoons : RHP Ron Pomar
|
Pitching: RHP Ricardo Ferreira
|
|
Batting: RHB Oscar McMillan
|
0-0: Ball 1-0: Swinging Strike 1-1: Foul Ball, location: 2F 1-2: Fly out, F9 (Line Drive, 9)
|
Batting: RHB Sang-hyuk Han
|
0-0: Ball 1-0: Swinging Strike 1-1: Foul Ball, location: 2F 1-2: Strikes out swinging
|
Batting: RHB Mario Chávez
|
0-0: Ball 1-0: Swinging Strike 1-1: Foul Ball, location: 2F 1-2: Ball 2-2: Foul Ball, location: 2F 2-2: Strikes out swinging
|
Top of the 14th over - 0 runs, 0 hits, 0 errors, 0 left on base; Put-In-Bay 2 - Louisiana 2 |
BOTTOM OF THE 14TH |
Louisiana Dragoons batting - Pitching for Put-In-Bay BC : RHP Jason Huggins
|
Batting: RHB Min-gook Ch'oe
|
0-0: Swinging Strike 0-1: Ball 1-1: Ball 2-1: Called Strike 2-2: Ground out 6-3 (Groundball, 6)
|
Batting: RHB George Albaugh
|
0-0: Ball 1-0: Foul Ball, location: 2F 1-1: Ball 2-1: Foul Ball, location: 2F 2-2: Strikes out swinging
|
Batting: LHB Randy Sallah
|
0-0: Ball 1-0: Foul Ball, location: 2F 1-1: SINGLE (Flyball, 7LS)
|
Batting: RHB Reynaldo Padilla
|
0-0: Called Strike 0-1: Foul Ball, location: 2F 0-2: Ground out U3 (Groundball, 3)
|
Bottom of the 14th over - 0 runs, 1 hit, 0 errors, 1 left on base; Put-In-Bay 2 - Louisiana 2 |
TOP OF THE 15TH |
Put-In-Bay BC batting - Pitching for Louisiana Dragoons : RHP Ricardo Ferreira
|
Batting: RHB Wally Briggs
|
0-0: Ball 1-0: Ball 2-0: Ball 3-0: Base on Balls
|
Batting: SHB Jesús Gil
|
0-0: Ball 1-0: Foul Ball, location: 2F 1-1: Called Strike 1-2: Strikes out swinging
|
Batting: RHB Jorge Alvarado
|
0-0: Ball Wally Briggs steals 2nd base 1-0: DOUBLE (Line Drive, 78D) Wally Briggs scores
|
Batting: RHB Steve Albright
|
0-0: Ball 1-0: Called Strike 1-1: Swinging Strike 1-2: Fly out, F7 (Line Drive, 78M)
|
Batting: SHB Yushua Harith
|
0-0: Foul Ball, location: 2F 0-1: Swinging Strike 0-2: Foul Ball, location: 2F 0-2: Strikes out swinging
|
Top of the 15th over - 1 run, 1 hit, 0 errors, 1 left on base; Put-In-Bay 3 - Louisiana 2 |
BOTTOM OF THE 15TH |
Louisiana Dragoons batting - Pitching for Put-In-Bay BC : RHP Jason Huggins
|
Batting: LHB Walt Trombly
|
0-0: SINGLE (Groundball, 34D)
|
Batting: LHB Ken Gill
|
0-0: Ball 1-0: Ball 2-0: Grounds into double play, 4-6-3 (Groundball, 4M)
|
Batting: RHB Domingo Trujillo
|
0-0: Ball 1-0: Ground out 4-3 (Groundball, 4)
|
Bottom of the 15th over - 0 runs, 1 hit, 0 errors, 0 left on base; Put-In-Bay 3 - Louisiana 2 |
|